 Dungeon Crawl Stone Soup version 0.26-a0-753-g4680b4fa2e (webtiles) character file.

Game seed: 4905513152325445582

912 Queen the Caller (level 7, -3/36 HPs)
             Began as a Deep Elf Summoner on Nov 7, 2020.
             Slain by a killer bee (4 damage)
             ... in the Ecumenical Temple.
             The game lasted 00:40:01 (8487 turns).

Queen the Caller (Deep Elf Summoner)                Turns: 8487, Time: 00:40:01

Health: -3/36      AC:  8    Str:  7    XL:     7   Next: 82%
Magic:  2/18       EV: 15    Int: 20    God:
Gold:   802        SH:  0    Dex: 15    Spells: 6/18 levels left

rFire    . . .     SeeInvis .   a - +0 short sword
rCold    . . .     Faith    .   (no shield)
rNeg     . . .     Spirit   .   o - +0 robe
rPois    .         Reflect  .   (no helmet)
rElec    .         Harm     .   c - +2 cloak
rCorr    .         Rampage  .   (no gloves)
MR       .....                  q - +2 pair of boots
Stlth    +++.......             (no amulet)
HPRegen  0.12/turn              (no ring)
MPRegen  0.16/turn              (no ring)

@: lethally poisoned (-3 -> -4)
A: no striking features
a: no special abilities


You were in the Ecumenical Temple.
You visited 2 branches of the dungeon, and saw 8 of its levels.

You collected 802 gold pieces.

Inventory:

Hand Weapons
 a - a +0 short sword (weapon)
Missiles
 p - 33 poisoned darts (quivered)
Armour
 c - a +2 cloak (worn)
 o - a +0 robe (worn)
 q - a +2 pair of boots (worn)
Jewellery
 t - an uncursed ring of flight {unknown}
 u - an uncursed ring of resist corrosion {unknown}
 w - an uncursed ring of positive energy {unknown}
 y - a cursed ring of teleportation {unknown}
 z - an uncursed amulet of the acrobat {unknown}
 E - an uncursed ring of stealth {unknown}
Wands
 r - a wand of random effects (21)
 A - a wand of digging (2)
 B - a wand of polymorph (5)
 C - a wand of iceblast (13)
 D - a wand of acid (7)
Scrolls
 e - 2 scrolls of enchant weapon
 f - a scroll of amnesia
 h - a scroll of noise {unknown}
 k - 5 scrolls of teleportation
 l - a scroll of blinking {unknown}
 n - 7 scrolls of identify {@r1}
 s - 3 scrolls of remove curse {unknown}
 v - 2 scrolls of fog {unknown}
 x - 3 scrolls of enchant armour
Potions
 b - 9 potions of curing {unknown}
 d - 3 potions of heal wounds {unknown}
 m - a potion of might {unknown}


   Skills:
 + Level 5.3 Dodging
 + Level 5.8 Stealth
 + Level 6.0 Spellcasting
 * Level 7.5 Summonings


You had 6 spell levels left.
You knew the following spells:

 Your Spells              Type           Power        Failure   Level
a - Summon Ice Beast      Ice/Summ       ###.....     22%         4
b - Call Imp              Summ           #####...     1%          2
c - Call Canine Familiar  Summ           #####...     1%          3
d - Summon Guardian Gole  Hex/Summ       ###.....     7%          3

Your spell library contained the following spells:

 Spells                   Type           Power        Failure   Level
 Summon Small Mammal      Summ           ####         1%          1
 Corona                   Hex            #......      11%         1
 Shock                    Conj/Air       #...         11%         1
 Ensorcelled Hibernation  Hex/Ice        #.....       16%         2
 Swiftness                Air            #.......     16%         2
 Summon Lightning Spire   Summ/Air       ###.....     22%         4
 Confusing Touch          Hex            #.......     30%         3
 Dazzling Flash           Conj/Hex       #.....       30%         3
 Static Discharge         Conj/Air       #.......     30%         3
 Tukima's Dance           Hex            #.......     30%         3
 Airstrike                Air            #.........   71%         4
 Animate Dead             Necr           #.........   71%         4
 Borgnjor's Vile Clutch   Necr/Erth      #.........   96%         5
 Lightning Bolt           Conj/Air       #.........   96%         5
 Death Channel            Necr           #.........   100%        6
 Simulacrum               Ice/Necr       #.........   100%        6


Dungeon Overview and Level Annotations

Branches:
Dungeon (7/15)             Temple (1/1) D:7

Altars:
Dithmenos
Elyvilon
Makhleb
Uskayaw
Xom
Zin


Message History

The killer bee stings you but does no damage. x2
Casting: Summon Guardian Golem (dangerous; 7% risk of failure)
Confirm with . or Enter, or press ? or * to list all spells.
You don't have enough magic to cast that spell.
It was a potion of haste.
You feel yourself speed up.
* * * LOW HITPOINT WARNING * * *
You feel sick.
The killer bee stings you but does no damage.
Your hound bites the killer bee.
The killer bee stings you but does no damage.
It was a potion of cancellation.
Your magical effects are unravelling.
You feel magically purged.
You feel less wooden.
Your +2 cloak unmelds from your body.
Your +2 pair of boots unmelds from your body.
Your +0 robe unmelds from your body.
You feel yourself slow down.
Your hound misses the killer bee. The killer bee stings you.
You die...

#.....
#......
##.......
#........
##........
#......._.
#.h8......
#.@y......
#.........
#......._.
##........
#........
##.......
#......
#.....


You could see a killer bee, a friendly guardian golem (summoned) and a friendly
hound (summoned, sheltered).

Vanquished Creatures
  A hound (D:4)
  A white imp (D:6)
  An orc (D:4)
  A jackal (D:3)
  A rat (D:2)
5 creatures vanquished.

Vanquished Creatures (collateral kills)
  A water moccasin (D:5)
  An ice beast (D:5)
  A sky beast (D:5)
  An ogre (D:6)
  A phantom (D:5)
  2 centaurs (D:5)
  A bullfrog (D:7)
  2 scorpions
  A killer bee (D:7)
  2 hounds
  A bullfrog skeleton (D:5)
  2 orc priests
  2 jellies
  Ijyb (D:5)
  An iguana (D:5)
  6 orc wizards
  6 worker ants
  A hound skeleton (D:5)
  10 adders
  2 shadow imps (D:5)
  A white imp (D:5)
  An ufetubus (D:5)
  2 oozes
  5 worms
  4 dart slugs
  6 leopard geckos
  20 orcs
  3 ball pythons
  5 giant cockroaches
  4 goblins
  2 hobgoblins (D:1)
  7 jackals
  6 kobolds
  3 quokkas
  5 bats
  4 frilled lizards
  2 quokka zombies
  6 rats
131 creatures vanquished.

Vanquished Creatures (others)
  A jackal (D:4)
  A quokka (D:4)
2 creatures vanquished.

Grand Total: 138 creatures vanquished

Notes
Turn   | Place    | Note
-------+----------+-------------------------------------------
     0 | D:1      | Queen the Deep Elf Summoner began the quest for the Orb.
     0 | D:1      | Reached XP level 1. HP: 10/10 MP: 6/6
  1054 | D:2      | Reached XP level 2. HP: 15/15 MP: 4/8
  1368 | D:2      | Learned a level 2 spell: Call Imp
  1712 | D:2      | Reached XP level 3. HP: 19/19 MP: 7/10
  2296 | D:2      | Learned a level 3 spell: Call Canine Familiar
  2300 | D:2      | Learned a level 3 spell: Summon Guardian Golem
  2675 | D:3      | Reached skill level 5 in Summonings
  2675 | D:3      | Reached XP level 4. HP: 9/24 MP: 4/11
  3729 | D:3      | Found a hide-covered altar of Uskayaw.
  3993 | D:3      | Reached XP level 5. HP: 24/28 MP: 3/13
  4511 | D:4      | Found a white marble altar of Elyvilon.
  4743 | D:5      | Entered Level 5 of the Dungeon
  4758 | D:4      | Learned a level 4 spell: Summon Ice Beast
  4966 | D:5      | Noticed a water moccasin
  5001 | D:5      | Killed a water moccasin
  5001 | D:5      | Reached skill level 6 in Summonings
  5001 | D:5      | Reached XP level 6. HP: 29/32 MP: 0/15
  5731 | D:5      | Reached skill level 5 in Spellcasting
  5772 | D:5      | Noticed Ijyb
  5790 | D:5      | Killed Ijyb
  5790 | D:5      | Reached skill level 5 in Stealth
  6030 | D:5      | Noticed a sky beast
  6054 | D:5      | Killed a sky beast
  6169 | D:5      | Noticed an ice beast
  6294 | D:5      | Killed an ice beast
  6294 | D:5      | Reached XP level 7. HP: 36/36 MP: 3/17
  7125 | D:6      | Reached skill level 7 in Summonings
  7141 | D:6      | Found a shimmering altar of Xom.
  7377 | D:6      | Found a glowing silver altar of Zin.
  7395 | D:6      | Noticed a steam dragon
  7428 | D:6      | Noticed a steam dragon
  7838 | D:6      | Reached skill level 5 in Dodging
  8473 | D:7      | Found a staircase to the Ecumenical Temple.
  8482 | Temple   | Entered the Ecumenical Temple
  8484 | Temple   | HP: 2/54 [killer bee (2)]
  8487 | Temple   | Slain by a killer bee

Illustrated notes

Levels and vault maps discovered:
D:1:      tarquinn_simple_flora_water_d, layout_loops_ring, minmay_tetromino_o2
D:2:      layout_loops_corners, mrwooster_statue_mirror
D:3:      layout_basic, nicolae_overflow_hidden_temple
D:4:      layout_rooms, elyvilon_altar_4
D:5:      minmay_polygon_palace, layout_layer_cave, uniq_ijyb
D:6:      cheibrodos_steamvent, layout_basic, kennysheep_little_box, basic_altar
D:7:      layout_cave_pools, minmay_temple_entry_mini_moons
Temple:   compressed_dpeg_circular_temple

Skill      XL: |  1  2  3  4  5  6  7 |
---------------+----------------------+-----
Stealth        | 3 4 5 |  5.8
Dodging        | 3 4 5 |  5.3
Summonings     | 5 6 7 |  7.5
Spellcasting   | 4 5 6 |  6.0

Action                   |  1- 3 |  4- 6 |  7- 9 || total
-------------------------+-------+-------+-------++-------
Melee: Short sword       |     1 |    23 |    12 ||    36
 Cast: Summon Small Mamm |    39 |       |       ||    39
       Call Imp          |    36 |    78 |    31 ||   145
       Call Canine Famil |       |    28 |    19 ||    47
       Summon Guardian G |       |       |    17 ||    17
  Use: Scroll            |       |     5 |     2 ||     7
       Potion            |       |       |     3 ||     3
 Stab: Sleeping          |       |       |     1 ||     1
Armor: Robe              |     9 |    17 |    11 ||    37
       Skin              |       |       |     6 ||     6
Dodge: Dodged            |    29 |    59 |    30 ||   118

Table legend: (Time is in decaauts)
 A = Elapsed time spent in this place.
 B = Non-inter-level travel time spent in this place.
 C = Inter-level travel time spent in this place.
 D = Time resting spent in this place.
 E = Time spent auto-exploring this place.
 F = Levels seen in this place.
 G = Mean time per level.
                   A        B        C        D        E       F      G
               +--------+--------+--------+--------+--------+-----+--------+
         Total |   8516 |   8306 |    210 |   2870 |   3379 |   8 | 1064.5 |
       Dungeon |   8511 |   8301 |    210 |   2870 |   3379 |   7 | 1215.9 |
        Temple |      4 |      4 |      0 |      0 |      0 |   1 |    4.0 |
               +--------+--------+--------+--------+--------+-----+--------+

Top non-repeatable levels by time:
     D:2: 2348 daAuts
     D:5: 2275 daAuts
     D:6: 1113 daAuts
     D:3: 985 daAuts
     D:4: 977 daAuts
     D:1: 779 daAuts
     D:7: 32 daAuts
  Temple: 4 daAuts
